 Dungeon Crawl Stone Soup version 0.31.0-11-ge490571c62 (webtiles) character file.

Game seed: 3008880560555297321

16 qw the Shooter (level 2, -2/14 HPs)
             Began as a Spriggan Hunter on Feb 3, 2024.
             Slain by a gnoll
             ... wielding a +0 flail
              (10 damage)
             ... on level 2 of the Dungeon.
             The game lasted 00:00:11 (790 turns).

qw the Shooter (Spriggan Hunter)                     Turns: 790, Time: 00:00:11

Health: -2/14      AC:  2    Str:  7    XL:     2   Next: 37%
Magic:  3/3        EV: 19    Int: 10    God:
Gold:   44         SH:  0    Dex: 18    Spells: 1/1 levels left

rFire   . . .        a - +0 shortbow
rCold   . . .        (shield currently unavailable)
rNeg    . . .        c - +0 robe
rPois   .            (helmet restricted)
rElec   .            (no cloak)
rCorr   .            (gloves unavailable)
SInv    +            (boots unavailable)
Will    .....        (no amulet)
Stlth   ++           (no ring)
HPRegen 0.22/turn    (no ring)
MPRegen 0.08/turn

%: no passive effects
@: very quick
A: very small, no large weapons, unfitting armour, see invisible, speed 3
a: no special abilities


You were on level 2 of the Dungeon.
You visited 1 branch of the dungeon, and saw 2 of its levels.

You collected 44 gold pieces.


Innate Abilities, Weirdness & Mutations

You are very small and have problems with some larger weapons.
You are too small for most types of armour.
You have supernaturally acute eyesight. (SInv)
You cover ground extremely quickly. (Speed+++)


   Skills:
 - Level 1.5 Fighting
 + Level 4.1 Ranged Weapons
 - Level 4.0 Dodging
 - Level 1.5 Stealth


You had one spell level left.
You didn't know any spells.
Your spell library was empty.

Inventory:

Hand Weapons
 a - a +0 shortbow (weapon)
Armour
 c - a +0 robe (worn)
Jewellery
 f - a ring of fire
Potions
 e - a potion of haste
 g - a potion of might {unknown}
 l - a potion of enlightenment {unknown}

Dungeon Overview and Level Annotations

Branches:
Dungeon (2/15)

Altars:


Message History

The gnoll shouts!
The arrow hits the gnoll.
The gnoll is lightly wounded.
A gnoll comes into view. It is wielding a +0 flail.
777 ||| RETREEEEATING.
An adder comes into view.
778 ||| RETREEEEATING.
779 ||| RETREEEEATING.
You open the door.
The gnoll shouts!
The adder hisses angrily.
780 ||| RETREEEEATING.
There is an open door here.
781 ||| RETREEEEATING.
You shoot an arrow. The arrow closely misses the adder.
The arrow barely misses the gnoll.
The arrow closely misses the gnoll.
You shoot an arrow. The arrow closely misses the adder.
The arrow closely misses the gnoll.
You shoot an arrow. The arrow misses the adder.
The arrow hits the gnoll!
The gnoll is heavily wounded.
You shoot an arrow. The arrow misses the adder.
The arrow closely misses the gnoll.
The adder misses you. The adder bites you.
You shoot an arrow.
The arrow hits the adder but does no damage.
The gnoll hits you from afar with a +0 spear.
The adder bites you. The gnoll hits you but does no damage.
You shoot an arrow. The arrow misses the adder.
The arrow hits the gnoll.
The gnoll is moderately wounded.
The adder bites you but does no damage. x2; The gnoll barely misses you.
You shoot an arrow. The arrow hits the adder.
The adder is moderately wounded.
The adder completely misses you. The gnoll completely misses you.
The adder closely misses you.
You shoot an arrow. The arrow hits the adder.
The adder is almost dead.
The gnoll closely misses you. The adder completely misses you.
You shoot an arrow. The arrow hits the adder.
You kill the adder!
The gnoll closely misses you. The gnoll hits you with a +0 flail!
Ouch! That really hurt!
You die...

#.#.).#
#.#...####.#.
#............
#####.####.##
#<......#.#
####.##.#.#
#.##.#.# #
#.##.#.##.#
#@##......##
###g###......#
#..gg.........#
#..........<..#
#.............#
#.............#
#.........###..
#.........# ..
#.........#


You could see 3 gnolls.

Vanquished Creatures
  An adder (D:2)
  3 bats (D:1)
  3 endoplasms (D:1)
  2 goblins (D:1)
  A hobgoblin (D:1)
  2 kobolds (D:1)
  2 quokkas (D:1)
14 creatures vanquished.

Notes
Turn   | Place    | Note
-------+----------+-------------------------------------------
     0 | D:1      | qw the Spriggan Hunter began the quest for the Orb.
     0 | D:1      | Reached XP level 1. HP: 10/10 MP: 2/2
     0 | D:1      | 0 ||| qw: Version: 0.3-a-155-g5e7d8dd
     0 | D:1      | 0 ||| qw: Game counter: 3170
     0 | D:1      | 0 ||| qw: Melee chars always use a shield: true
     0 | D:1      | 0 ||| qw: God list: Okawaru
     0 | D:1      | 0 ||| qw: Allow faded altars: false
     0 | D:1      | 0 ||| qw: Do Orc after clearing Dungeon:15 true
     0 | D:1      | 0 ||| qw: Do second Lair branch before Depths: true
     0 | D:1      | 0 ||| qw: Lair rune preference: random
     0 | D:1      | 0 ||| qw: Goals: Normal
     0 | D:1      | 0 ||| PLANNING D:1-11
    55 | D:1      | Reached skill level 3 in Dodging
   117 | D:1      | Reached XP level 2. HP: 14/14 MP: 3/3
   282 | D:1      | Found a faded altar of an unknown god.
   695 | D:1      | 695 ||| READING scroll labelled REGEYN MIRYO.
   698 | D:1      | 698 ||| READING scroll labelled EMOTOTORHI.
   699 | D:1      | 699 ||| READING scroll labelled RAFIFR APOUTAD.
   699 | D:1      | 699 ||| ENCHANTING +0 shortbow.
   700 | D:1      | 700 ||| READING scroll labelled FEDYMI MOFFYM.
   701 | D:1      | 701 ||| READING scroll labelled POETOF XOEDUDI.
   701 | D:1      | 701 ||| IDENTIFYING golden potion
   702 | D:1      | 702 ||| DROPPING scroll of butterflies.
   777 | D:2      | 777 ||| RETREEEEATING.
   778 | D:2      | 778 ||| RETREEEEATING.
   779 | D:2      | 779 ||| RETREEEEATING.
   780 | D:2      | 780 ||| RETREEEEATING.
   781 | D:2      | 781 ||| RETREEEEATING.
   790 | D:2      | Slain by a gnoll

Levels and vault maps discovered:
D:1:      dpeg_arrival_long_road, layout_loops_ring,
          shapermc_ecumenical_altar_starsandcircs
D:2:      layout_basic, basic_altar, wad_floor_pattern_untrapped

Skill      XL: |  1  2 |
---------------+-------+-----
Dodging        | 3 4 |  4.0
Fighting       | |  1.5
Ranged Weapons | |  4.1
Stealth        | |  1.5

Action                     || total
---------------------------++-------
   Fire: Shortbow          ||    37
    Use: Scroll            ||     5
 Armour: Robe              ||    10
  Dodge: Dodged            ||    12

Table legend:
 A = Non-vault XP
 B = Vault XP
 C = Vault XP percentage of total XP
 D = Non-vault monster count
 E = Vault monster count
 F = Vault count percentage of total count
                 A         B        C        D         E       F
            +---------+---------+-------+---------+---------+-------
      Total |      36 |       0 |   0.0 |      14 |       0 |   0.0
            +---------+---------+-------+---------+---------+-------
        D:1 |      23 |       0 |   0.0 |      13 |       0 |   0.0
        D:2 |      13 |       0 |   0.0 |       1 |       0 |   0.0
            +---------+---------+-------+---------+---------+-------
